[Event "Hungarian Youth-ch U10 2022"]
[Site "Eger"]
[Date "2022.07.28"]
[Round "6.5"]
[White "Hangay, Oliver"]
[Black "Hegedus, Zsombor"]
[Result "1-0"]
[ECO "C60"]
[WhiteElo "1695"]
[BlackElo "1348"]
[Annotator "NA RC COMBH"]
[PlyCount "133"]
[EventDate "2022.07.21"]
[EventType "tourn"]
[EventCountry "HUN"]
[SourceTitle "playchess.com"]
[Source "ChessBase"]
[SourceQuality "1"]
[TimeControl "40/5400+30:1800+30"]

1. e4 e5 2. Nf3 Nc6 3. Bb5 Nge7 4. c3 a6 5. Ba4 g6 6. O-O b5 7. Bb3 Bg7 8. Re1 O-O 9. d3 d6 10. h3 h6 11. Be3 Kh7 12. d4 exd4 13. Nxd4 Na5 14. Nd2 c5 15. N4f3 Nxb3 16. Nxb3 Nc6 17. Bf4 Ne5 18. Bxe5 Bxe5 19. Nxe5 dxe5 20. Nxc5 Qg5 21. Qc1 Qe7 22. Qe3 Be6 23. Nb3 Rfd8 24. Rad1 Rac8 25. Qb6 Qg5 26. Kh1 Rxd1 27. Rxd1 Qf4 28. Qe3 Qf6 29. Rd2 Rd8 30. Kg1 Bc4 31. Nc1 Rd6 32. b3 Rxd2 33. Qxd2 Be6 34. Nd3 Qd8 35. Qc2 Qc7 36. Nb4 a5 37. Nd5 Qc6 38. Qd3 f5 39. f3 fxe4 40. fxe4 Qc5+ 41. Qe3 Qxe3+ 42. Nxe3 Kg7 43. Nd5 Kf7 44. Kf2 Bd7 45. h4 Ke6 46. Ke3 Bc6 47. c4 bxc4 48. bxc4 Ba4 49. Nc3 Bc6 50. Nb5 a4 51. a3 Bxb5 52. cxb5 Kd6 53. Kd3 Kc5 54. b6 Kxb6 55. Kc4 Kc6 56. Kb4 Kd6 57. Kb5 g5 58. hxg5 hxg5 59. g4 Kc7 60. Kxa4 Kc6 61. Kb4 Kb6 62. a4 Ka6 63. a5 Kb7 64. Kb5 Ka7 65. a6 Kb8 66. Kc6 Ka7 67. Kd5 1-0

[Event "Hungarian Youth-ch U10 2022"]
[Site "Eger"]
[Date "2022.07.29"]
[Round "7.1"]
[White "Hegedus, Zsombor"]
[Black "Morovan-Szabo, Lorinc"]
[Result "0-1"]
[ECO "C54"]
[WhiteElo "1348"]
[BlackElo "1232"]
[Annotator "NA RC COMBH"]
[PlyCount "36"]
[EventDate "2022.07.21"]
[EventType "tourn"]
[EventCountry "HUN"]
[SourceTitle "playchess.com"]
[Source "ChessBase"]
[SourceQuality "1"]
[TimeControl "40/5400+30:1800+30"]

1. e4 e5 2. Nf3 Nc6 3. Bc4 Bc5 4. c3 Nf6 5. d4 exd4 6. cxd4 Bb4+ 7. Bd2 Bxd2+ 8. Nbxd2 d5 9. exd5 Nxd5 10. O-O O-O 11. Rc1 Bf5 12. Re1 Nf4 13. Nb3 Qf6 14. Qd2 Bg4 15. Ne5 Nxe5 16. dxe5 Qf5 17. Kh1 Qg5 18. Re4 Bf3 0-1

[Event "Hungarian Youth-ch U10 2022"]
[Site "Eger"]
[Date "2022.07.29"]
[Round "7.2"]
[White "Brieber, Benedek"]
[Black "Hangay, Oliver"]
[Result "1/2-1/2"]
[ECO "D00"]
[WhiteElo "1369"]
[BlackElo "1695"]
[Annotator "NA RC COMBH"]
[PlyCount "64"]
[EventDate "2022.07.21"]
[EventType "tourn"]
[EventCountry "HUN"]
[SourceTitle "playchess.com"]
[Source "ChessBase"]
[SourceQuality "1"]
[TimeControl "40/5400+30:1800+30"]

1. d4 d5 2. Nc3 Nf6 3. Bf4 a6 4. Bg5 Nbd7 5. Nf3 e6 6. e3 Be7 7. Be2 O-O 8. O-O c5 9. Ne5 b5 10. Nc6 Qe8 11. Nxe7+ Qxe7 12. a3 c4 13. e4 dxe4 14. Nxe4 h6 15. Bxf6 Nxf6 16. Bf3 Nxe4 17. Bxe4 Bb7 18. Bxb7 Qxb7 19. Qg4 Rad8 20. c3 Rd5 21. f4 Rf5 22. Rae1 a5 23. Re5 Rxe5 24. fxe5 b4 25. axb4 axb4 26. Rf3 bxc3 27. bxc3 Qb1+ 28. Kf2 Rb8 29. Kg3 Rb2 30. Kh3 Qc2 31. Rg3 g6 32. Qf4 Qf5+ 1/2-1/2

[Event "Hungarian Youth-ch U10 2022"]
[Site "Eger"]
[Date "2022.07.29"]
[Round "7.3"]
[White "Papai, Mate"]
[Black "Hegedus, Bernat"]
[Result "0-1"]
[ECO "D43"]
[WhiteElo "1385"]
[BlackElo "1491"]
[Annotator "NA RC COMBH"]
[PlyCount "92"]
[EventDate "2022.07.21"]
[EventType "tourn"]
[EventCountry "HUN"]
[SourceTitle "playchess.com"]
[Source "ChessBase"]
[SourceQuality "1"]
[TimeControl "40/5400+30:1800+30"]

1. d4 Nf6 2. c4 c6 3. Nc3 d5 4. Nf3 e6 5. Bf4 Nbd7 6. e3 Be7 7. cxd5 exd5 8. Rc1 Ne4 9. Nxd5 cxd5 10. Bc7 Bb4+ 11. Ke2 Qe7 12. Ne5 b6 13. Qa4 Bb7 14. f3 Nef6 15. g4 Bd6 16. Bh3 g5 17. Bg2 a5 18. Kf2 Ba6 19. Bf1 Bxf1 20. Kxf1 Kf8 21. Qc6 Bxc7 22. Qxa8+ Bb8 23. Rc8+ Kg7 24. Rxh8 Kxh8 25. h4 Kg7 26. hxg5 Bxe5 27. dxe5 Ne8 28. Qxd5 Nxe5 29. Qe4 Ng6 30. Qd4+ Kg8 31. Qxb6 Qxg5 32. Rh5 Qe7 33. Rxa5 Qd7 34. Ke2 Qe7 35. Qd4 Qc7 36. Ra8 Kf8 37. Qb4+ Ne7 38. Qd4 Ng6 39. Qe4 Qh2+ 40. Kd3 Qd6+ 41. Qd4 Qc6 42. Qb4+ Ne7 43. Ra7 Nd6 44. a4 Qxf3 45. Qd4 Qd1+ 46. Kc3 Nd5+ 0-1

[Event "Hungarian Youth-ch U10 2022"]
[Site "Eger"]
[Date "2022.07.29"]
[Round "7.4"]
[White "Minga-Nagy, Abel Inti"]
[Black "Szollosi, Balazs"]
[Result "1-0"]
[ECO "A45"]
[WhiteElo "1540"]
[BlackElo "1423"]
[Annotator "NA RC COMBH"]
[PlyCount "111"]
[EventDate "2022.07.21"]
[EventType "tourn"]
[EventCountry "HUN"]
[SourceTitle "playchess.com"]
[Source "ChessBase"]
[SourceQuality "1"]
[TimeControl "40/5400+30:1800+30"]

1. d4 Nf6 2. Bf4 d5 3. e3 Bf5 4. c3 c6 5. Nd2 Nbd7 6. h3 e6 7. Ngf3 Be7 8. Be2 O-O 9. O-O c5 10. Nh4 Bg6 11. Nxg6 hxg6 12. Nf3 c4 13. Ne5 Nxe5 14. Bxe5 Bd6 15. Bxd6 Qxd6 16. b3 b5 17. a4 a6 18. axb5 axb5 19. bxc4 bxc4 20. Qc2 Rxa1 21. Rxa1 Qb6 22. f3 e5 23. Qb1 Qxb1+ 24. Rxb1 exd4 25. exd4 Ra8 26. g4 g5 27. Kf2 Ra3 28. Rc1 Kf8 29. Ke3 Ke7 30. Kd2 Ra2+ 31. Rc2 Rxc2+ 32. Kxc2 Kd6 33. Kd2 Ke6 34. Bd1 Kd6 35. Ke3 Ke6 36. Bc2 Kd6 37. f4 gxf4+ 38. Kxf4 Nd7 39. h4 Nf6 40. g5 Nd7 41. h5 Ke7 42. Kf5 Kf8 43. Ba4 Nb6 44. Bc6 Kg8 45. g6 f6 46. Ke6 Kf8 47. Bxd5 f5 48. Bc6 f4 49. Ke5 f3 50. Bxf3 Na4 51. Kd5 Nxc3+ 52. Kxc4 Na4 53. d5 Nb6+ 54. Kc5 Nd7+ 55. Kd6 Nf6 56. Kc7 1-0

[Event "Hungarian Youth-ch U10 2022"]
[Site "Eger"]
[Date "2022.07.29"]
[Round "7.5"]
[White "Meszaros-Csonka, David"]
[Black "Molnar-Saska, Tamas"]
[Result "1-0"]
[ECO "D00"]
[WhiteElo "1361"]
[BlackElo "1455"]
[Annotator "NA RC COMBH"]
[PlyCount "73"]
[EventDate "2022.07.21"]
[EventType "tourn"]
[EventCountry "HUN"]
[SourceTitle "playchess.com"]
[Source "ChessBase"]
[SourceQuality "1"]
[TimeControl "40/5400+30:1800+30"]

1. d4 d5 2. Bf4 Nf6 3. e3 Bf5 4. Nf3 e6 5. c4 c5 6. Bxb8 Qa5+ 7. Nc3 Rxb8 8. Qa4+ Qxa4 9. Nxa4 cxd4 10. Nxd4 Bb4+ 11. Nc3 Bg6 12. a3 Bxc3+ 13. bxc3 dxc4 14. Bxc4 O-O 15. Bb3 Rbc8 16. c4 Bd3 17. Rc1 e5 18. Ne2 Rc5 19. Rc3 Rd8 20. Nc1 e4 21. Nxd3 exd3 22. f3 b5 23. Kd2 bxc4 24. Rxc4 Rb5 25. Rb4 Rxb4 26. axb4 g5 27. Ra1 Rd7 28. g4 h5 29. h3 hxg4 30. hxg4 Nh7 31. Bc4 Nf6 32. Ra5 Kg7 33. Rxg5+ Kh6 34. Ra5 Kg6 35. Bxd3+ Kg7 36. e4 Kh6 37. g5+ 1-0

[Event "Hungarian Youth-ch U10 2022"]
[Site "Eger"]
[Date "2022.07.30"]
[Round "8.1"]
[White "Morovan-Szabo, Lorinc"]
[Black "Molnar-Saska, Tamas"]
[Result "0-1"]
[ECO "B28"]
[WhiteElo "1232"]
[BlackElo "1455"]
[Annotator "NA RC COMBH"]
[PlyCount "122"]
[EventDate "2022.07.21"]
[EventType "tourn"]
[EventCountry "HUN"]
[SourceTitle "playchess.com"]
[Source "ChessBase"]
[SourceQuality "1"]
[TimeControl "40/5400+30:1800+30"]

1. e4 c5 2. Nf3 a6 3. d4 cxd4 4. Nxd4 e5 5. Nf3 Nf6 6. Bc4 Be7 7. O-O d6 8. Nc3 Nbd7 9. a4 Nc5 10. Re1 Bg4 11. h3 Bh5 12. b4 Ncd7 13. Be3 O-O 14. Bd5 Rc8 15. Bd2 Rc7 16. Qe2 Nb6 17. Bxb7 Rxb7 18. a5 Nbd7 19. Qxa6 Qa8 20. Qc4 Ra7 21. Nb5 Rc8 22. Qd3 Ra6 23. Na3 d5 24. exd5 e4 25. Qd4 Bxb4 26. Bxb4 exf3 27. g4 Bg6 28. c4 Qa7 29. Qxa7 Rxa7 30. h4 Raa8 31. h5 Bd3 32. Rac1 h6 33. Rc3 Be2 34. Rec1 Nc5 35. Nb5 Nd3 36. Rb1 Nxb4 37. Rxb4 Rxa5 38. Nd6 Nxd5 39. cxd5 Rxc3 40. Rb8+ Kh7 41. Nxf7 g6 42. hxg6+ Kxg6 43. Ne5+ Kf6 44. Nd7+ Ke7 45. Rb7 Kd6 46. Nf6 Rc1+ 47. Kh2 Raa1 48. Ne4+ Kxd5 49. Ng3 Ra4 50. Rd7+ Ke6 51. Rh7 Rxg4 52. Rxh6+ Kf7 53. Rh5 Rcc4 54. Kh3 Kg6 55. Rh8 Kg7 56. Rh5 Bd3 57. Ne4 Bxe4 58. Ra5 Rg1 59. Re5 Kf6 60. Ra5 Bf5+ 61. Kh2 Rg2+ 0-1

[Event "Hungarian Youth-ch U10 2022"]
[Site "Eger"]
[Date "2022.07.30"]
[Round "8.2"]
[White "Szollosi, Balazs"]
[Black "Meszaros-Csonka, David"]
[Result "1/2-1/2"]
[ECO "B29"]
[WhiteElo "1423"]
[BlackElo "1361"]
[Annotator "NA RC COMBH"]
[PlyCount "54"]
[EventDate "2022.07.21"]
[EventType "tourn"]
[EventCountry "HUN"]
[SourceTitle "playchess.com"]
[Source "ChessBase"]
[SourceQuality "1"]
[TimeControl "40/5400+30:1800+30"]

1. e4 c5 2. Nf3 Nf6 3. Nc3 d5 4. Bb5+ Bd7 5. Bxd7+ Qxd7 6. exd5 Nxd5 7. O-O Nc6 8. d4 Nxc3 9. bxc3 e6 10. Re1 Be7 11. Ba3 cxd4 12. Bxe7 Qxe7 13. cxd4 O-O 14. c3 Rfd8 15. Qb3 Rac8 16. Rad1 Rd5 17. Qxd5 exd5 18. Rxe7 Nxe7 19. Rc1 f6 20. Kf1 Kf7 21. Ke2 Ng6 22. g3 Ke6 23. Nd2 b5 24. Nb3 Ne7 25. Nc5+ Kd6 26. Kd3 g5 27. Re1 Ng8 1/2-1/2

[Event "Hungarian Youth-ch U10 2022"]
[Site "Eger"]
[Date "2022.07.30"]
[Round "8.3"]
[White "Hegedus, Bernat"]
[Black "Minga-Nagy, Abel Inti"]
[Result "0-1"]
[ECO "A43"]
[WhiteElo "1491"]
[BlackElo "1540"]
[Annotator "NA COMBH"]
[PlyCount "132"]
[EventDate "2022.07.21"]
[EventType "tourn"]
[EventCountry "HUN"]
[SourceTitle "playchess.com"]
[Source "ChessBase"]
[SourceQuality "1"]
[TimeControl "40/5400+30:1800+30"]

1. d4 Nf6 2. c4 c5 3. d5 d6 4. Nc3 g6 5. e4 Bg7 6. Bd3 O-O 7. h3 e6 8. Nf3 exd5 9. cxd5 b5 10. Nxb5 Nxe4 11. O-O Nf6 12. Bf4 Ne8 13. Rb1 Na6 14. Nd2 Nb4 15. Bc4 Bf5 16. Re1 Bxb1 17. Qxb1 a6 18. Nc3 Rb8 19. Qc1 Qf6 20. Nde4 Qd4 21. Bf1 Nd3 22. Bxd3 Qxd3 23. Nxd6 Bxc3 24. bxc3 Qxd5 25. Nf5 Rb7 26. Ne7+ Rxe7 27. Rxe7 Qxa2 28. Qe1 Nf6 29. Bh6 Rd8 30. Qe5 Qb1+ 31. Kh2 Qf5 32. Qc7 Rc8 33. Qb7 Rd8 34. Rxf7 Ng4+ 35. hxg4 Qxf7 36. Qxa6 Qxf2 37. Qe6+ Qf7 38. Qe5 c4 39. Bg5 Qd5 40. Qe3 Qd6+ 41. Kh1 Rb8 42. Bf4 Qb6 43. Qe5 Rd8 44. Qe2 Qc6 45. Qe5 Qd5 46. Qe7 Qd7 47. Qe4 Qf7 48. Be3 Re8 49. Qd4 Qe6 50. Bf2 Rf8 51. Be3 h6 52. g5 Rf1+ 53. Kh2 hxg5 54. Bxg5 Rf5 55. Qd8+ Kg7 56. Qc7+ Qf7 57. Qg3 Rd5 58. Bf4 Rh5+ 59. Kg1 Qa7+ 60. Be3 Qa1+ 61. Kf2 Rf5+ 62. Ke2 Qf1+ 63. Kd2 Qd3+ 64. Kc1 Rf1+ 65. Kb2 Qb1+ 66. Ka3 Qb3# 0-1

[Event "Hungarian Youth-ch U10 2022"]
[Site "Eger"]
[Date "2022.07.30"]
[Round "8.4"]
[White "Hangay, Oliver"]
[Black "Papai, Mate"]
[Result "1/2-1/2"]
[ECO "B47"]
[WhiteElo "1695"]
[BlackElo "1385"]
[Annotator "NA RC COMBH"]
[PlyCount "56"]
[EventDate "2022.07.21"]
[EventType "tourn"]
[EventCountry "HUN"]
[SourceTitle "playchess.com"]
[Source "ChessBase"]
[SourceQuality "1"]
[TimeControl "40/5400+30:1800+30"]

1. e4 c5 2. Nf3 e6 3. d4 cxd4 4. Nxd4 Nc6 5. Nc3 Qc7 6. g3 a6 7. Bg2 Nf6 8. O-O Bc5 9. Nb3 Ba7 10. Bg5 h5 11. Bf3 h4 12. Bf4 Ne5 13. Qe2 hxg3 14. hxg3 Nh7 15. Kg2 Nf8 16. Bxe5 Qxe5 17. Rh1 Rxh1 18. Rxh1 g6 19. Qd3 b5 20. a3 Bb6 21. Rd1 Bb7 22. Qd6 Bc7 23. Qxe5 Bxe5 24. Nd4 Rc8 25. Rd2 Rc4 26. Nde2 Nh7 27. Rd3 Ng5 28. b3 Rc8 1/2-1/2

[Event "Hungarian Youth-ch U10 2022"]
[Site "Eger"]
[Date "2022.07.30"]
[Round "8.5"]
[White "Hegedus, Zsombor"]
[Black "Brieber, Benedek"]
[Result "1-0"]
[ECO "B01"]
[WhiteElo "1348"]
[BlackElo "1369"]
[Annotator "NA RC COMBH"]
[PlyCount "103"]
[EventDate "2022.07.21"]
[EventType "tourn"]
[EventCountry "HUN"]
[SourceTitle "playchess.com"]
[Source "ChessBase"]
[SourceQuality "1"]
[TimeControl "40/5400+30:1800+30"]

1. e4 d5 2. exd5 Nf6 3. Bb5+ Bd7 4. Bc4 Bg4 5. f3 Bf5 6. Nc3 Nbd7 7. Nge2 Nb6 8. Bb5+ Bd7 9. Bxd7+ Qxd7 10. O-O Nbxd5 11. Nxd5 Qxd5 12. Nc3 Qd4+ 13. Kh1 e6 14. Qe2 O-O-O 15. d3 Nd5 16. Ne4 Nf6 17. Nxf6 Qxf6 18. c3 Rd5 19. Re1 Bd6 20. Bd2 Qh4 21. g3 Bxg3 22. Rg1 Rh5 23. Rg2 Rd8 24. Kg1 Bf4 25. Bxf4 Qxf4 26. Rxg7 Rg5+ 27. Rxg5 Qxg5+ 28. Kh1 Rg8 29. Qf2 Qf5 30. Qe3 Qg6 31. Rg1 Qxg1+ 32. Qxg1 Rxg1+ 33. Kxg1 Kd7 34. Kf2 Kd6 35. Ke3 Ke5 36. d4+ Kf5 37. h4 f6 38. c4 c6 39. b4 b5 40. c5 a6 41. a3 h5 42. f4 Kg4 43. Ke4 Kxh4 44. f5 exf5+ 45. Kxf5 Kg3 46. d5 h4 47. dxc6 h3 48. c7 h2 49. c8=Q h1=Q 50. Qc7+ Kf2 51. Qf4+ Ke2 52. Qe4+ 1-0

[Event "Hungarian Youth-ch U10 2022"]
[Site "Eger"]
[Date "2022.07.30"]
[Round "8.6"]
[White "Wang, Luomeng"]
[Black "Biro, Csilla"]
[Result "1/2-1/2"]
[ECO "C01"]
[WhiteElo "1078"]
[BlackElo "1215"]
[Annotator "NA RC COMBH"]
[PlyCount "60"]
[EventDate "2022.07.21"]
[EventType "tourn"]
[EventCountry "HUN"]
[SourceTitle "playchess.com"]
[Source "ChessBase"]
[SourceQuality "1"]
[TimeControl "40/5400+30:1800+30"]

1. e4 e6 2. d4 d5 3. exd5 exd5 4. c4 Nf6 5. Nc3 Bb4 6. Bd2 O-O 7. c5 c6 8. Nf3 Bf5 9. Be2 b6 10. a3 Bxc3 11. Bxc3 bxc5 12. dxc5 Nbd7 13. b4 Ne4 14. Bb2 a5 15. Nd4 Qf6 16. O-O Rfb8 17. Bd3 axb4 18. Nxf5 Qxf5 19. f3 Ndxc5 20. fxe4 Qe6 21. Re1 dxe4 22. Bf1 Rd8 23. Qc2 Qe7 24. axb4 Rxa1 25. Bxa1 Nd3 26. Bxd3 exd3 27. Qc3 Qg5 28. Qxc6 h6 29. Qc5 Qg4 30. Bc3 Rc8 1/2-1/2

[Event "Hungarian Youth-ch U10 2022"]
[Site "Eger"]
[Date "2022.07.30"]
[Round "8.7"]
[White "Hangyal, Anna"]
[Black "Ferenczy, Nora"]
[Result "0-1"]
[ECO "B13"]
[WhiteElo "1154"]
[BlackElo "1051"]
[Annotator "NA RC COMBH"]
[PlyCount "102"]
[EventDate "2022.07.21"]
[EventType "tourn"]
[EventCountry "HUN"]
[SourceTitle "playchess.com"]
[Source "ChessBase"]
[SourceQuality "1"]
[TimeControl "40/5400+30:1800+30"]

1. c4 c6 2. e4 d5 3. exd5 cxd5 4. d4 Nf6 5. Nc3 dxc4 6. Bxc4 b6 7. Bf4 Bb7 8. d5 g6 9. Nb5 Na6 10. Nf3 Nxd5 11. Qd4 Nf6 12. Qxd8+ Rxd8 13. Nc7+ Nxc7 14. Bxc7 Rc8 15. Bb5+ Nd7 16. Bg3 a6 17. Ba4 b5 18. Bb3 Bg7 19. Rd1 e6 20. O-O Nc5 21. Bc2 O-O 22. b4 Na4 23. Bxa4 bxa4 24. Rd6 Rc2 25. Rd7 Bd5 26. Bd6 Rfc8 27. Be5 f6 28. Bf4 Rxa2 29. Be3 Rb2 30. h3 Rxb4 31. Bd4 a3 32. Kh2 a2 33. Ra1 Rb1 34. Nd2 Rxa1 35. Bxa1 Rc1 36. Rd8+ Bf8 37. Bxf6 a1=Q 38. Bxa1 Rxa1 39. Nf3 Bxf3 40. gxf3 a5 41. Ra8 a4 42. Kg3 a3 43. Kg2 Rc1 44. Kh2 Rc2 45. Kg2 a2 46. Kg3 Kg7 47. Kg2 Bc5 48. Kg3 Bxf2+ 49. Kg2 Bd4+ 50. Kg3 a1=Q 51. Rxa1 Bxa1 0-1

[Event "Hungarian Youth-ch U10 2022"]
[Site "Eger"]
[Date "2022.07.30"]
[Round "8.8"]
[White "Illes-Nagy, Nora"]
[Black "Hangay, Lilla"]
[Result "0-1"]
[ECO "A57"]
[WhiteElo "1402"]
[BlackElo "1169"]
[Annotator "NA COMBH"]
[PlyCount "84"]
[EventDate "2022.07.21"]
[EventType "tourn"]
[EventCountry "HUN"]
[SourceTitle "playchess.com"]
[Source "ChessBase"]
[SourceQuality "1"]
[TimeControl "40/5400+30:1800+30"]

1. d4 c5 2. d5 Nf6 3. c4 b5 4. b3 b4 5. Bg5 Ne4 6. Bh4 g5 7. Nd2 Nc3 8. Qc2 gxh4 9. e4 Bg7 10. Rc1 Qa5 11. Bd3 Qxa2 12. Qxa2 Nxa2 13. Rc2 Nc3 14. f4 d6 15. h3 e6 16. Ngf3 exd5 17. exd5 O-O 18. Rc1 f5 19. Nxh4 Ne4 20. Bxe4 fxe4 21. Rf1 Bh6 22. g3 Bxh3 23. Rh1 Bg4 24. Ng2 Bg7 25. Ne3 Bd7 26. Ke2 Re8 27. Rh4 Bd4 28. Rch1 Bxe3 29. Kxe3 Re7 30. Rh6 a5 31. Ra1 Ra6 32. Rh5 a4 33. Ra2 axb3 34. Rxa6 Nxa6 35. Nxb3 Ba4 36. Nd2 b3 37. Nb1 Nb4 38. Rh1 Nc2+ 39. Kd2 e3+ 40. Ke2 Nd4+ 41. Ke1 e2 42. Nc3 Nf3+ 0-1

[Event "Hungarian Youth-ch U10 2022"]
[Site "Eger"]
[Date "2022.07.31"]
[Round "9.1"]
[White "Brieber, Benedek"]
[Black "Morovan-Szabo, Lorinc"]
[Result "1-0"]
[ECO "D01"]
[WhiteElo "1369"]
[BlackElo "1232"]
[Annotator "NA"]
[PlyCount "69"]
[EventDate "2022.07.21"]
[EventType "tourn"]
[EventCountry "HUN"]
[SourceTitle "playchess.com"]
[Source "ChessBase"]
[SourceQuality "1"]
[TimeControl "40/5400+30:1800+30"]

1. d4 d5 2. Nc3 Nf6 3. Bg5 Nbd7 4. Nf3 e6 5. e3 c6 6. a3 Qa5 7. Be2 Ne4 8. b4 Bxb4 9. axb4 Qxb4 10. O-O Qxc3 11. Bd3 f6 12. Bf4 e5 13. dxe5 fxe5 14. Bg3 Nxg3 15. fxg3 e4 16. Nh4 Nf6 17. Be2 Qxe3+ 18. Kh1 Qg5 19. Rf4 O-O 20. Qd2 Be6 21. Raf1 h6 22. Qb4 Nd7 23. Qxb7 Qe7 24. Ng6 Qg5 25. Nxf8 Rxf8 26. Rxf8+ Nxf8 27. Qa8 Qe7 28. Qxc6 Qb4 29. Qe8 Bd7 30. Qf7+ Kh7 31. Qxf8 Qd2 32. Bh5 e3 33. Bf7 h5 34. Qg8+ Kh6 35. Qh8+ 1-0

[Event "Hungarian Youth-ch U10 2022"]
[Site "Eger"]
[Date "2022.07.31"]
[Round "9.2"]
[White "Papai, Mate"]
[Black "Hegedus, Zsombor"]
[Result "1-0"]
[ECO "D31"]
[WhiteElo "1385"]
[BlackElo "1348"]
[Annotator "NA"]
[PlyCount "161"]
[EventDate "2022.07.21"]
[EventType "tourn"]
[EventCountry "HUN"]
[SourceTitle "playchess.com"]
[Source "ChessBase"]
[SourceQuality "1"]
[TimeControl "40/5400+30:1800+30"]

1. d4 d5 2. c4 e6 3. Nc3 Be7 4. cxd5 exd5 5. Nf3 Nf6 6. Bg5 Nbd7 7. e3 O-O 8. Qc2 h6 9. Bf4 c6 10. Bd3 Re8 11. O-O b6 12. h3 Bb7 13. Rac1 Rc8 14. Rfe1 c5 15. b3 Nf8 16. Bf5 Ne6 17. Bxe6 fxe6 18. Qg6 Kh8 19. Ne5 Rf8 20. Nf7+ Rxf7 21. Qxf7 Qd7 22. Na4 Rf8 23. Qg6 c4 24. Be5 Bb4 25. Re2 Ba6 26. Rec2 Ba3 27. Rd1 Qb5 28. Nc3 Qb4 29. Bxf6 Rxf6 30. Qe8+ Rf8 31. Qa4 Qxa4 32. bxa4 Rf7 33. e4 Bb7 34. exd5 exd5 35. Nb5 Bc6 36. Nxa3 Bxa4 37. Rb1 Bxc2 38. Nxc2 Rf4 39. Rb5 Re4 40. Kf1 Kg8 41. Rxd5 Kf8 42. a4 Ke8 43. Re5+ Rxe5 44. dxe5 Ke7 45. Ke2 Ke6 46. f4 g5 47. fxg5 hxg5 48. Kf3 Kxe5 49. Kg4 Ke4 50. Kxg5 Kd3 51. Na1 Kc3 52. h4 Kb2 53. h5 Kxa1 54. h6 c3 55. h7 c2 56. h8=Q+ Kb1 57. Qh7 Kb2 58. Qg7+ Kb1 59. Qg6 Kb2 60. Qf6+ Kb1 61. Qf5 Kb2 62. Qb5+ Ka2 63. Qc4+ Kb2 64. Qb4+ Ka2 65. Qc3 Kb1 66. Qb3+ Kc1 67. g4 Kd2 68. Qb4+ Kd1 69. Qd4+ Ke2 70. Qc3 Kd1 71. Qd3+ Kc1 72. Kf4 Kb2 73. Qd4+ Kb3 74. Qa1 a6 75. Ke3 b5 76. axb5 axb5 77. Kd3 b4 78. Qc1 Ka2 79. Kxc2 b3+ 80. Kc3 b2 81. Qxb2# 1-0

[Event "Hungarian Youth-ch U10 2022"]
[Site "Eger"]
[Date "2022.07.31"]
[Round "9.3"]
[White "Minga-Nagy, Abel Inti"]
[Black "Hangay, Oliver"]
[Result "1-0"]
[ECO "B06"]
[WhiteElo "1540"]
[BlackElo "1695"]
[Annotator "NA RC"]
[PlyCount "95"]
[EventDate "2022.07.21"]
[EventType "tourn"]
[EventCountry "HUN"]
[SourceTitle "playchess.com"]
[Source "ChessBase"]
[SourceQuality "1"]
[TimeControl "40/5400+30:1800+30"]

1. e4 g6 2. d4 Bg7 3. Nf3 c5 4. c3 cxd4 5. cxd4 d6 6. Nc3 Bg4 7. Bb5+ Nd7 8. Be3 a6 9. Bc4 e6 10. h3 Bxf3 11. Qxf3 Qb6 12. O-O-O Qc7 13. Bb3 Ne7 14. Kb1 O-O 15. h4 h5 16. g4 Nf6 17. gxh5 Nxh5 18. Rdg1 Qd7 19. Bh6 Bxh6 20. Qxh5 Kh7 21. Qf3 Nc6 22. h5 g5 23. e5 Nxd4 24. Qd3+ Nf5 25. Ne4 Qb5 26. Qxb5 axb5 27. exd6 Rad8 28. Rd1 e5 29. Rd5 b4 30. Rxe5 Nxd6 31. Nxg5+ Bxg5 32. Rxg5 Rg8 33. Rhg1 Rxg5 34. Rxg5 Ne4 35. Rd5 Rxd5 36. Bxd5 Nxf2 37. Bxb7 f5 38. Kc2 Kh6 39. Bf3 Ng4 40. Kb3 Kxh5 41. Kxb4 Kg5 42. a4 Ne5 43. Bg2 f4 44. a5 f3 45. Bf1 Kf4 46. a6 Ke4 47. Kc5 Nd3+ 48. Kd6 1-0

[Event "Hungarian Youth-ch U10 2022"]
[Site "Eger"]
[Date "2022.07.31"]
[Round "9.4"]
[White "Meszaros-Csonka, David"]
[Black "Hegedus, Bernat"]
[Result "0-1"]
[ECO "D00"]
[WhiteElo "1361"]
[BlackElo "1491"]
[Annotator "NA RC"]
[PlyCount "88"]
[EventDate "2022.07.21"]
[EventType "tourn"]
[EventCountry "HUN"]
[SourceTitle "playchess.com"]
[Source "ChessBase"]
[SourceQuality "1"]
[TimeControl "40/5400+30:1800+30"]

1. d4 d5 2. Bf4 c5 3. e3 Nc6 4. c3 e6 5. Nf3 Nf6 6. Nbd2 Be7 7. Ne5 O-O 8. Bd3 Nd7 9. O-O Qe8 10. Nxc6 bxc6 11. Qc2 f5 12. f3 cxd4 13. cxd4 c5 14. e4 cxd4 15. exf5 e5 16. Qc6 Nb6 17. Qxe8 Rxe8 18. Bxe5 Bb4 19. Bf4 Bxd2 20. Bxd2 Nc4 21. Bxc4 dxc4 22. g4 Rb8 23. Rfe1 Rd8 24. Rab1 Bd7 25. Bf4 Rb5 26. Be5 Bc6 27. Kf2 a5 28. Kg3 a4 29. Rbc1 d3 30. Rcd1 a3 31. bxa3 Rxe5 32. Rxe5 c3 33. Rc5 Ba4 34. Rxc3 Bxd1 35. Kf2 Ba4 36. Rxd3 Rxd3 37. Ke2 Rxa3 38. h4 Rxa2+ 39. Ke3 Bd1 40. Kf4 Ra3 41. Kg5 Rxf3 42. h5 h6+ 43. Kg6 Ba4 44. f6 Bc2# 0-1

[Event "Hungarian Youth-ch U10 2022"]
[Site "Eger"]
[Date "2022.07.31"]
[Round "9.5"]
[White "Molnar-Saska, Tamas"]
[Black "Szollosi, Balazs"]
[Result "0-1"]
[ECO "B34"]
[WhiteElo "1455"]
[BlackElo "1423"]
[Annotator "NA RC"]
[PlyCount "84"]
[EventDate "2022.07.21"]
[EventType "tourn"]
[EventCountry "HUN"]
[SourceTitle "playchess.com"]
[Source "ChessBase"]
[SourceQuality "1"]
[TimeControl "40/5400+30:1800+30"]

1. e4 c5 2. Nf3 Nc6 3. d4 cxd4 4. Nxd4 Nf6 5. Nc3 e5 6. Ndb5 d6 7. Bg5 Be7 8. Bxf6 gxf6 9. Nd5 O-O 10. Nxe7+ Qxe7 11. Qxd6 Qxd6 12. Nxd6 Nb4 13. Bd3 Rd8 14. Nxc8 Raxc8 15. Kd2 Rxc2+ 16. Ke1 Nxd3+ 17. Kd1 Rxb2 18. Rf1 Rxf2 19. Rh1 Rxg2 20. Rf1 Nc5+ 21. Kc1 Nxe4 22. Rb1 Rc8+ 23. Kd1 Nc3+ 24. Kc1 Nxb1+ 25. Kxb1 e4 26. Re1 Re8 27. Kc1 e3 28. Kd1 e2+ 29. Kd2 Rd8+ 30. Kc2 Rd1 31. Rxd1 exd1=Q+ 32. Kxd1 Kg7 33. h4 Kg6 34. h5+ Kf5 35. a3 Ke4 36. a4 Kd3 37. Ke1 Ke3 38. Kf1 Ra2 39. h6 a5 40. Kg1 Kf3 41. Kh1 Kg3 42. Kg1 Ra1# 0-1

[Event "Hungarian Youth-ch U10 2022"]
[Site "Eger"]
[Date "2022.07.31"]
[Round "9.6"]
[White "Ferenczy, Nora"]
[Black "Illes-Nagy, Nora"]
[Result "1/2-1/2"]
[ECO "D52"]
[WhiteElo "1051"]
[BlackElo "1402"]
[Annotator "NA RC"]
[PlyCount "154"]
[EventDate "2022.07.21"]
[EventType "tourn"]
[EventCountry "HUN"]
[SourceTitle "playchess.com"]
[Source "ChessBase"]
[SourceQuality "1"]
[TimeControl "40/5400+30:1800+30"]

1. d4 d5 2. c4 c6 3. Nc3 Nf6 4. Nf3 e6 5. Bg5 Nbd7 6. e3 Qa5 7. a3 Ne4 8. Qc2 Bb4 9. Rc1 Bxc3+ 10. bxc3 Qxa3 11. Bf4 O-O 12. Bd3 Nef6 13. cxd5 exd5 14. O-O Qe7 15. Nh4 Nb6 16. Qa2 Nh5 17. Bg3 Nxg3 18. hxg3 Be6 19. Kh2 g6 20. Rh1 Kg7 21. f4 f5 22. Kg1 Rh8 23. Kf2 Qf7 24. Nf3 h6 25. Rh2 Nc4 26. Rch1 Nd6 27. Ne5 Qg8 28. Qb2 Rb8 29. Qa3 Qf8 30. Qxa7 Ra8 31. Qc5 Ne4+ 32. Bxe4 Qxc5 33. dxc5 dxe4 34. Rb1 Rhb8 35. Rb2 h5 36. Rh1 Ra2 37. Rhb1 Rba8 38. Kg1 Rxb2 39. Rxb2 Ra1+ 40. Kh2 Ra7 41. Kh3 Kh6 42. Kh4 Ra1 43. g4 Ra7 44. g5+ Kg7 45. g3 Bf7 46. Nd7 Bd5 47. Kh3 Be6 48. Ne5 Bf7 49. Kg2 Be8 50. Nc4 Bf7 51. Nd6 Ra2 52. Rxa2 Bxa2 53. Nxb7 Be6 54. Kf2 Bc8 55. Nd6 Bd7 56. Ke2 Kf8 57. Kd2 Ke7 58. c4 Be6 59. Kc3 Bd7 60. Kb4 Kd8 61. Ka5 Kc7 62. Ka6 Be6 63. Ka7 Bd7 64. Nf7 Be6 65. Ne5 Bg8 66. Nxg6 Bxc4 67. Ne7 Be6 68. g6 Kd7 69. Kb6 Kxe7 70. Kxc6 Kf6 71. Kd6 Bc8 72. c6 Kxg6 73. Kc7 Ba6 74. Kb6 Bc8 75. Kc7 Ba6 76. Kb6 Bc8 77. Kc7 Ba6 1/2-1/2